%YAML 1.1
%TAG !u! tag:unity3d.com,2011:
--- !u!241 &24100000
AudioMixerController:
  m_ObjectHideFlags: 0
  m_CorrespondingSourceObject: {fileID: 0}
  m_PrefabInstance: {fileID: 0}
  m_PrefabAsset: {fileID: 0}
  m_Name: AudioMixer
  m_OutputGroup: {fileID: 0}
  m_MasterGroup: {fileID: 24300002}
  m_Snapshots:
  - {fileID: 24500006}
  m_StartSnapshot: {fileID: 24500006}
  m_SuspendThreshold: -80
  m_EnableSuspend: 1
  m_UpdateMode: 0
  m_ExposedParameters: []
  m_AudioMixerGroupViews:
  - guids:
    - 1619a88cd561d3940b23cdb0bf83af26
    - 256cee18fe2a0bc48ba6fe4069fd7925
    - ac4c3d3b977c04e4d87ce13d8a1aa108
    name: View
  m_CurrentViewIndex: 0
  m_TargetSnapshot: {fileID: 24500006}
--- !u!243 &24300002
AudioMixerGroupController:
  m_ObjectHideFlags: 0
  m_CorrespondingSourceObject: {fileID: 0}
  m_PrefabInstance: {fileID: 0}
  m_PrefabAsset: {fileID: 0}
  m_Name: Master
  m_AudioMixer: {fileID: 24100000}
  m_GroupID: 1619a88cd561d3940b23cdb0bf83af26
  m_Children:
  - {fileID: 8551015273330343185}
  - {fileID: 3613816032483507684}
  m_Volume: bbcddf06d8cde7647bbc3d8d0445ea49
  m_Pitch: 853472f3749e0584bb6f34a4596f2622
  m_Send: 00000000000000000000000000000000
  m_Effects:
  - {fileID: 24400004}
  m_UserColorIndex: 0
  m_Mute: 0
  m_Solo: 0
  m_BypassEffects: 0
--- !u!244 &24400004
AudioMixerEffectController:
  m_ObjectHideFlags: 3
  m_CorrespondingSourceObject: {fileID: 0}
  m_PrefabInstance: {fileID: 0}
  m_PrefabAsset: {fileID: 0}
  m_Name: 
  m_EffectID: 1841e8639e9e6744498b1ceab5e760b0
  m_EffectName: Attenuation
  m_MixLevel: 079a1395739257641841f47f04395db7
  m_Parameters: []
  m_SendTarget: {fileID: 0}
  m_EnableWetMix: 0
  m_Bypass: 0
--- !u!245 &24500006
AudioMixerSnapshotController:
  m_ObjectHideFlags: 0
  m_CorrespondingSourceObject: {fileID: 0}
  m_PrefabInstance: {fileID: 0}
  m_PrefabAsset: {fileID: 0}
  m_Name: Snapshot
  m_AudioMixer: {fileID: 24100000}
  m_SnapshotID: d9dc3449e3c134443ac3162a598e33fe
  m_FloatValues:
    32ec27e08294ae04b929efc52407d380: -0.08374829
  m_TransitionOverrides: {}
--- !u!244 &1927986864136906632
AudioMixerEffectController:
  m_ObjectHideFlags: 3
  m_CorrespondingSourceObject: {fileID: 0}
  m_PrefabInstance: {fileID: 0}
  m_PrefabAsset: {fileID: 0}
  m_Name: 
  m_EffectID: 9a3853a8cf83d054faa90a03044cfa09
  m_EffectName: Attenuation
  m_MixLevel: 1f51590cba692eb43b3ff4807e0823cc
  m_Parameters: []
  m_SendTarget: {fileID: 0}
  m_EnableWetMix: 0
  m_Bypass: 0
--- !u!243 &3613816032483507684
AudioMixerGroupController:
  m_ObjectHideFlags: 0
  m_CorrespondingSourceObject: {fileID: 0}
  m_PrefabInstance: {fileID: 0}
  m_PrefabAsset: {fileID: 0}
  m_Name: Music
  m_AudioMixer: {fileID: 24100000}
  m_GroupID: ac4c3d3b977c04e4d87ce13d8a1aa108
  m_Children: []
  m_Volume: 2afce89f99918884fa3e1db2c7ccddb9
  m_Pitch: e43d7812b47d5cc41b54187ab3320068
  m_Send: 00000000000000000000000000000000
  m_Effects:
  - {fileID: 1927986864136906632}
  m_UserColorIndex: 0
  m_Mute: 0
  m_Solo: 0
  m_BypassEffects: 0
--- !u!244 &4821837784414851114
AudioMixerEffectController:
  m_ObjectHideFlags: 3
  m_CorrespondingSourceObject: {fileID: 0}
  m_PrefabInstance: {fileID: 0}
  m_PrefabAsset: {fileID: 0}
  m_Name: 
  m_EffectID: e8b7824359b767c48bc4121d163a489b
  m_EffectName: Attenuation
  m_MixLevel: 0ef6b6412f6dc4b4193e15b03f3bc929
  m_Parameters: []
  m_SendTarget: {fileID: 0}
  m_EnableWetMix: 0
  m_Bypass: 0
--- !u!243 &8551015273330343185
AudioMixerGroupController:
  m_ObjectHideFlags: 0
  m_CorrespondingSourceObject: {fileID: 0}
  m_PrefabInstance: {fileID: 0}
  m_PrefabAsset: {fileID: 0}
  m_Name: Effects
  m_AudioMixer: {fileID: 24100000}
  m_GroupID: 256cee18fe2a0bc48ba6fe4069fd7925
  m_Children: []
  m_Volume: 32ec27e08294ae04b929efc52407d380
  m_Pitch: 6849dbee6cada4f47ac1d631121f1250
  m_Send: 00000000000000000000000000000000
  m_Effects:
  - {fileID: 4821837784414851114}
  m_UserColorIndex: 0
  m_Mute: 0
  m_Solo: 0
  m_BypassEffects: 0
